Cogmind - Beta 13 @@@ ROGUE MODE // 2024.04.05 @ 08:05:55 Player: OurFastestFox Result: Destroyed by D-53 Grenadier with Mini Grenade Launcher Performance ------------- Evolutions (0) 0 Regions Visited (2) 400 Robots Destroyed (15) 75 Value Destroyed (374) 374 Prototype IDs (0) 0 Alien Tech Used (0) 0 Bonus (0) 0 TOTAL SCORE: 849 Bonus ------- None Cogmind --------- Core Integrity 0/250 Matter 288/300 Energy 100/100 System Corruption 0% Temperature Cool (0) Movement Core (50) Location -10/Mines Parts ------- > --- POWER (1) -------- (None) > --- PROPULSION (2) --- (None) > --- UTILITY (2) ------ Visual Processing Unit > --- WEAPON (2) ------- (None) > --- INVENTORY (5) ---- Ion Engine Light Ion Engine Hover Unit Hover Unit Peak State ------------ > --- POWER ------------ Light Nuclear Core > --- PROPULSION ------- Light Treads > --- UTILITY ---------- Heat Sink Visual Processing Unit > --- WEAPON ----------- Medium Laser Light Assault Rifle > --- INVENTORY -------- Ion Engine Light Ion Engine Hover Unit Hover Unit Hover Unit [Rating: 9] Favorites ----------- Power Ion Engine Engine Ion Engine Power Core Light Nuclear Core Propulsion Wheel Treads Light Treads Wheel Wheel Hover Unit Hover Unit Utility Heat Sink Device Heat Sink Storage Small Storage Unit Processor Visual Processing Unit Weapon Medium Laser Energy Gun Medium Laser Ballistic Gun Light Assault Rifle Launcher Grenade Launcher Build | -11 -10 -10 ------- Run | Yrd Mat Min Slots Evolved . | . . . Power . | . . . Propulsion . | . . . Utility . | . . . Weapon . | . . . Parts Attached 22 | 7 11 4 Power 3 | 2 . 1 Engine 2 | 2 . . Core 1 | . . 1 Reactor . | . . . Propulsion 5 | 2 3 . Treads 1 | . 1 . Leg . | . . . Wheel 2 | 2 . . Hover 2 | . 2 . Flight . | . . . Utility 4 | 1 3 . Device 2 | 1 1 . Storage 1 | . 1 . Processor 1 | . 1 . Hackware . | . . . Protection . | . . . Artifact . | . . . Weapon 10 | 2 5 3 Energy Gun 3 | 2 1 . Energy Cannon . | . . . Ballistic Gun 3 | . 1 2 Ballistic Cannon . | . . . Launcher 4 | . 3 1 Special Weapon . | . . . Impact Weapon . | . . . Slashing Weapon . | . . . Piercing Weapon . | . . . Special Melee Weapon . | . . . Unidentified Prototypes . | . . . Parts Lost 8 | . 1 7 Power 1 | . . 1 Propulsion 3 | . 1 2 Utility 1 | . . 1 Weapon 3 | . . 3 Highest Loss Streak 4 | . 1 4 To Critical Strikes . | . . . Average Slot Usage (%) 84 | . 90 73 Engine 9 | . 14 2 Core 4 | . . 11 Treads 6 | . 2 14 Wheel 10 | . 16 . Hover 4 | . 5 . Device 13 | . 13 12 Storage 3 | . 5 . Processor 7 | . 3 14 Energy Gun 12 | . 16 3 Ballistic Gun 4 | . . 13 Launcher 6 | . 10 . Naked Turns . | . . . Heaviest Build 16 | 10 16 9 Greatest Support 20 | 20 20 20 Greatest Overweight (x) 1 | . 1 . Average Overweight (x) . | . . . Largest Inventory Capacity 8 | 5 8 5 Average Capacity 5 | 5 6 5 Most Carried 8 | 3 8 5 Average Carried 3 | . 3 4 Final Capacity 5 | 5 5 5 Final Carried 5 | 2 5 4 Class Distribution -------------------- 100% | Mutant Dominant Class ---------------- Mutant | -10/Materials Mutant | -10/Mines Resources | -11 -10 -10 ----------- Run | Yrd Mat Min Matter Collected 491 | 250 143 98 Remotely . | . . . Salvage Created 318 | 60 91 167 Parts 20 | 3 7 10 Haulers Intercepted . | . . . Recyclers Shooed 1 | . 1 . Parts Field Recycled . | . . . Retrieved Matter . | . . . Parts Self-Destructed . | . . . Prevented . | . . . Kills | -11 -10 -10 ------- Run | Yrd Mat Min Combat Hostiles Destroyed 13 | 1 5 7 Guns 7 | 1 . 6 AOE 6 | . 5 1 Classes Destroyed 4 | 2 2 . Worker 1 | 1 . . Watcher 1 | . 1 . Swarmer 6 | . 3 3 Grunt 7 | 1 2 4 Best Kill Streak 5 | 1 5 4 Combat Bots Only 5 | 1 5 4 Max Kills in Single Turn 3 | 1 3 1 Gunslinging . | . . . Exploded 3 | . 3 1 Melee . | . . . Uniques/NPCs Destroyed . | . . . Combat | -11 -10 -10 -------- Run | Yrd Mat Min Hostile Shots Fired 64 | 1 17 46 Missed 16 | 1 3 12 Damage Taken 823 | . 225 598 Core 257 | . 101 156 Absorbed by Shields . | . . . Core Remaining (%) 100 | 100 . . Volleys Fired 49 | 3 19 27 Largest 2 | 2 2 2 Hottest 100 | 100 100 80 Shots Fired 74 | 6 31 37 Gun 64 | 6 25 33 Cannon . | . . . Launcher 10 | . 6 4 Special . | . . . Kinetic 23 | . . 23 Thermal 41 | 6 25 10 Explosive 10 | . 6 4 Electromagnetic . | . . . Robot Hit Streak 13 | 3 5 13 Robot Miss Streak 7 | 2 7 2 Penetration Max . | . . . Secondary Targets . | . . . Shots Hit Robots 40 | 3 12 25 Core Hits 30 | 3 12 15 Critical Kills . | . . . Critical Parts Destroyed . | . . . Critical Strikes 1 | . 1 . Burn 1 | . 1 . Melee Attacks . | . . . Impact . | . . . Slashing . | . . . Piercing . | . . . Sneak Attacks . | . . . Combat Hostiles . | . . . Follow-up Attacks . | . . . Damage Inflicted 811 | 50 439 322 Guns 407 | 50 124 233 Cannons . | . . . Explosions 404 | . 315 89 Melee . | . . . Ramming . | . . . Kinetic 134 | . . 134 Thermal 273 | 50 124 99 Explosive 404 | . 315 89 Electromagnetic . | . . . Impact . | . . . Slashing . | . . . Piercing . | . . . Highest Corruption . | . . . Average Corruption . | . . . Corruption Purged . | . . . Corruption Blocked . | . . . Overload Shots . | . . . Overflow Damage . | . . . Projectiles . | . . . Explosions . | . . . Melee . | . . . Knockbacks . | . . . Impact . | . . . Kinetic . | . . . Secondary . | . . . Self-Inflicted Damage 51 | . 30 21 Shots 2 | . 1 1 Rammed . | . . . Targets Rammed . | . . . Kicked . | . . . Crushed . | . . . Highest Temperature 75 | 39 75 46 Average Temperature 25 | 19 36 15 Received Heat Transfer 264 | . 108 156 Siege Activations . | . . . Robots Corrupted . | . . . Combat Hostiles . | . . . Parts Fried . | . . . Impact Corruptions . | . . . Robots Melted . | . . . Combat Hostiles . | . . . Parts Melted 1 | . 1 . Heat Transferred 888 | 148 444 296 Parts Sabotaged . | . . . Parts Stolen . | . . . Parts Stripped . | . . . Power Chain Reactions . | . . . Alert | -11 -10 -10 ------- Run | Yrd Mat Min Peak Influence 251 | 25 236 251 Initial 91 | . 16 91 Average 119 | 8 126 176 Maximum Alert Level 1 | . 1 1 Low Security (%) 72 | 100 56 85 Level 1 27 | . 43 15 Level 2 . | . . . Level 3 . | . . . Level 4 . | . . . Level 5 . | . . . High Security . | . . . Max Security . | . . . Squads Dispatched 1 | . 1 . Investigation 1 | . 1 . Extermination . | . . . Reinforcement . | . . . Assault . | . . . Garrison . | . . . Intercept . | . . . Searches Triggered . | . . . Construction Impeded . | . . . Haulers Reinforced . | . . . Active Scanning Responses . | . . . Cargo Convoy Interrupts . | . . . Stealth | -11 -10 -10 --------- Run | Yrd Mat Min Distress Signals . | . . . Communications Jammed . | . . . Distress Signals . | . . . Times Spotted 19 | 1 9 9 Peak Tracking Total 5 | 1 3 5 Tactical Retreats . | . . . Traps | -11 -10 -10 ------- Run | Yrd Mat Min Traps Triggered . | . . . Indirectly . | . . . Trap Hack Attempts . | . . . Triggered . | . . . Disarmed . | . . . Reprogrammed . | . . . Reused . | . . . Traps Extracted . | . . . Installed . | . . . Triggered . | . . . Machines | -11 -10 -10 ---------- Run | Yrd Mat Min Machines Disabled 2 | . 2 . Max in Single Turn 1 | . 1 . Machines Repaired . | . . . Machines Dismantled . | . . . Machines Sabotaged . | . . . Overloaded Fab Kills . | . . . Hacking | -11 -10 -10 --------- Run | Yrd Mat Min Machines Accessed 3 | . 3 . Terminals 2 | . 2 . Fabricators . | . . . Repair Stations . | . . . Recycling Units 1 | . 1 . Scanalyzers . | . . . Garrison Access . | . . . Total Hacks 10 | . 10 . Successful 4 | . 4 . Failed 6 | . 6 . Catastrophic . | . . . Database Lockouts . | . . . Manual 3 | . 3 . Terminals 7 | . 7 . Fabricators . | . . . Repair Stations . | . . . Recycling Units 3 | . 3 . Scanalyzers . | . . . Garrison Access . | . . . Terminal Hacks 3 | . 3 . Alert Level 2 | . 2 . Locate Traps 1 | . 1 . Fabricator Hacks . | . . . Repair Station Hacks . | . . . Recycling Unit Hacks 1 | . 1 . Retrieve Components 1 | . 1 . Scanalyzer . | . . . Garrison Access Hacks . | . . . Unauthorized Hacks . | . . . Terminals . | . . . Fabricators . | . . . Repair Stations . | . . . Recycling Units . | . . . Scanalyzers . | . . . Garrison Access . | . . . Data Cores Recovered . | . . . Used . | . . . Hacking Detections 3 | . 3 . Full Trace Events 1 | . 1 . Feedback Events . | . . . Feedback Blocked . | . . . Robot Schematics Acquired . | . . . Robots Built . | . . . Authchips . | . . . Time . | . . . Total Robot Build Rating . | . . . Part Schematics Acquired . | . . . Parts Built . | . . . Authchips . | . . . Time . | . . . Total Part Build Rating . | . . . Parts Repaired . | . . . Time . | . . . Parts Recycled . | . . . Recycled Matter . | . . . Retrieved Matter . | . . . Retrieved Components . | . . . Parts Scanalyzed . | . . . Part Schematics Acquired . | . . . Parts Damaged . | . . . Bothacking | -11 -10 -10 ------------ Run | Yrd Mat Min Used RIF Installer . | . . . Robots Hacked . | . . . Non-combat . | . . . Combat . | . . . Robot Hacks Applied . | . . . Relay Couplers Released . | . . . Fabnet Peak Effective % . | . . . Robots Rewired . | . . . Allies Hacked . | . . . Hacks Repelled . | . . . Allies | -11 -10 -10 -------- Run | Yrd Mat Min Total Allies . | . . . Largest Group . | . . . Highest-Rated Group . | . . . Highest-Rated Ally . | . . . Total Orders . | . . . Ally Attacks . | . . . Total Damage . | . . . Kills . | . . . Allies Corrupted . | . . . Allies Melted . | . . . Intel | -11 -10 -10 ------- Run | Yrd Mat Min Robot Analysis Total . | . . . Derelict Logs Recovered 1 | . . 1 Drone Launches . | . . . Drone Recoveries . | . . . Exploration | -11 -10 -10 ------------- Run | Yrd Mat Min Turns Passed 553 | 101 292 160 Spaces Moved 354 | 72 224 58 Core 17 | 17 . . Treads 95 | . 37 58 Legs . | . . . Wheels 222 | 55 167 . Hover 20 | . 20 . Flight . | . . . Fastest Speed 50 | 50 56 160 Average Speed 100 | 72 93 160 Slowest Speed 160 | 80 160 160 Overloaded Moves . | . . . Propulsion Burnouts . | . . . Robots Hopped . | . . . Cave-ins Triggered . | . . . Exploration Rate (%) 25 | 7 45 23 Regions Visited 2 Branch Regions 1 Pre-discovered Areas . | . . . Known Exits Taken . | . . . Unknown Exits Taken 2 | 1 1 . Scrap Searched . | . . . Spaces Dug . | . . . Terrain Destroyed 68 | . 31 37 Melee . | . . . Projectile . | . . . AOE 68 | . 31 37 Terrain Rammed . | . . . Walls Destroyed . | . . . Machines Disabled . | . . . Actions | -11 -10 -10 --------- Run | Yrd Mat Min Total 484 | 113 278 93 Wait 30 | 24 6 . Move 352 | 71 223 58 Hop . | . . . Pick Up 21 | 8 11 2 Fast Attach . | . . . Attach 14 | 6 6 2 Detach 2 | . 2 . Swap 8 | 1 5 2 Drop 8 | . 6 2 Fire 49 | 3 19 27 Melee . | . . . Ram . | . . . Kick . | . . . Crush . | . . . Escape Stasis . | . . . Rewire . | . . . Trap . | . . . Miscellaneous . | . . . Route ------- -11/Scrapyard -10/Materials -10/Mines History --------- Turn | Location | Event 2 | -11/Scrapyard | Met Revision 17 71 | -11/Scrapyard | Discovered new exit (range 8) 102 | -11/Scrapyard | Entered Materials 304 | -10/Materials | Build established: Mutant 366 | -10/Materials | Discovered new exit (range 18) 394 | -10/Materials | Entered Mines 434 | -10/Mines | Core integrity fell below 50% 489 | -10/Mines | Assembled infested the area 497 | -10/Mines | Learned 4 Materials zone layouts 552 | -10/Mines | Core integrity fell below 20% 554 | -10/Mines | Destroyed by D-53 Grenadier with Mini Grenade Launcher Last Messages --------------- Grenade Launcher destroyed. G-47 Trooper destroyed. Acquired 33 matter. The unstable cave ceiling collapses. ALERT: Infestation in the mines, dispatching Demolisher response squad. The unstable cave ceiling collapses. Acquired derelict log, extracted data. Data stored: Materials zone layouts (x4). as-15781 destroyed. The unstable cave ceiling collapses. S-10 Pest destroyed. Heat Sink destroyed. S-10 Pest destroyed. Lgt. Treads destroyed. T-07 Excavator destroyed. Lgt. Nuclear Core destroyed. Lgt. Assault Rifle destroyed. U-05 Engineer builds a Wall. [Achievement: First Step to Greatness] Map ----- +----------------------------------------------------+ | ?????????????????????????????????????????????????? | | ?????????????????????????????????????????????????? | | ?????????????????????????????????????????????????? | | ?????????????????????????????????????????????????? | | ?????????????????????????????????????????????????? | | ?????????????????????????????????????????????????? | | ?????????????????????????????????????????????????? | | ?????????????????????????????????????????????????? | | ?????????????????????????????????????????????????? | | ?????????????????????????????????????????????????? | | ?????????????????????????????????????????????????? | | ?????????????????????????????????????????????????? | | ???????????####??????????????????????????????????? | | ?????????? #?????????????????????????????????? | | ?????????? u????????????????????????????????? | | ????????? ? ???????????????????????????????? | | ????????? # % ##?????????????????????????????? | | ?????????? #????????????????????????????? | | ????????????[ #######?????????????????????? | | ??????????????? ##????????????????????? | | ?????????????????# ##???????????????????? | | ??????????????????# #???????????????????? | | ???????????????????# ##??????????????????? | | ???????????????????## d #??###?????????????? | | ????????????????????## d #### #?????????????? | | ????????????????????# @ ## #??####???????? | | ????????????????????# #?## ##??????? | | ????????????????????# ### #??????? | | ????????????????????## #??????? | | ?????????????????????##* # #??????? | | ?????????????????????# #### #### #??????? | | ???????????????????? ??? #??## ##??????? | | ?????????????????? ???? ##???# ##?????? | | ????????????????? #?????###???## ##????# | | ??????????????? ####???????????# ##### | | ??????????????###### ???????????????# ## | | ???????????????????# ???????????????## # | | ???????????????????# ????????????????# | | ??????????????????? ?????????????????# | | ??????????????????? ?????????????????# ##### ## | | ?????????????????? ????????????#??### #???####? | | ?????????????????? ?????????????# ## #???????? | | ????????????????? ??????????????# # #???????? | | ?????????????????????????????????# ##???????? | | ?????????????????????????????????### #???????? | | ???????????????????????????????????## ##??????? | | ???????????????????????????????????# #??????? | | ???????????????????????????????????# #??????? | | ???????????????????????????????????### #??????? | | ???????????????????????????????# ??# = ##?????? | +----------------------------------------------------+ Best States ------------- Heat Dissipation 35 Energy Generation 14 Energy Capacity 250 Matter Stores 300 Matter Capacity 300 Sight Range 18 Terrain Scan Density 10 Evasion (%) 53 Recoil Reduction 1 Item Schematics ----------------- None Robot Schematics ------------------ None Fabricated ------------ Nothing Alien Tech Used ----------------- None Achievements -------------- Crack Shot First Step to Greatness One Hack Too Far Storm Trooper Challenges ------------ None Game ------ Seed ZioniteDroneMinigun Manual? 0 Play Time 00:34:07 Cumulative 0.5 hours Start 2024.04.04 @ 18:51:19 End 2024.04.05 @ 08:05:55 Sessions 3 Manual Loads 0 Difficulty Rogue Special Mode None Game No. 1 Rogue 1 Adventurer 0 Explorer 0 Win Type - Total 0 Types 0/0/0/0/0/0/0/0/0 Lore% 0 Gallery% 1 Achievement% 1 Wizard Run 0 Options --------- Layout 1 ASCII 0 Keyboard 0 Movement Mouse Keybinds 0 Fullscreen 1 Font 24/Smallcaps Map View 50x35 Zoom Use 13% Tactical HUD 0 Map Filters NONE Filters NONE Steam 1 RUN: 74b15779-22dc-4aab-b133-5853ecd0f9f6